 Dungeon Crawl Stone Soup version 0.17-a0-2093-gc772f4b (webtiles) character file.

193 radek the Conjurer (level 5, -8/28 HPs)
             Began as a Deep Elf Conjurer on Oct 16, 2015.
             Mangled by Blork the orc
             ... wielding a +0 dire flail
              (9 damage)
             ... on level 4 of the Dungeon.
             The game lasted 00:09:53 (3072 turns).

radek the Conjurer (Deep Elf Conjurer)              Turns: 3072, Time: 00:09:53

Health: -8/28      AC:  2    Str:  6    XL:     5   Next: 43%
Magic:  5/11       EV: 13    Int: 20    God:
Gold:   166        SH:  0    Dex: 15    Spells: 2 memorised, 4 levels left

rFire  . . .     SeeInvis .     (no weapon)
rCold  . . .     Clarity  +     a - +0 robe
rNeg   . . .     SustAt   .     (no shield)
rPois  .         Gourm    .     (no helmet)
rElec  .         Spirit   .     (no cloak)
rCorr  .         Warding  .     (no gloves)
rMut   .         Stasis   .     (no boots)
MR     .....                    g - amulet of clarity
Stlth  ++........               (no ring)
                                (no ring)

@: not resistant to hostile enchantments, unstealthy
A: no striking features
a: no special abilities


You were on level 4 of the Dungeon.
You were not hungry.

You visited 1 branch of the dungeon, and saw 4 of its levels.

You collected 166 gold pieces.

Inventory:

Hand Weapons
 e - a +0 mace of venom
 l - a cursed -1 dagger
Armour
 a - a +0 robe (worn)
Jewellery
 g - an amulet of clarity (around neck)
 i - an uncursed amulet of regeneration {unknown}
Wands
 p - a wand of slowing (24)
Scrolls
 d - 3 scrolls of magic mapping {unknown}
 j - a scroll of enchant armour {unknown}
 k - 2 scrolls of blinking {unknown}
 m - a scroll of fog {unknown}
 o - 2 scrolls of identify {unknown}
 q - a scroll of teleportation {unknown}
 r - 2 scrolls of remove curse {unknown}
 u - 2 scrolls of random uselessness {unknown}
 y - a scroll of immolation {unknown}
Potions
 f - a potion of haste {unknown}
 h - 4 potions of curing {unknown}
 n - a potion of heal wounds {unknown}
 s - a potion of berserk rage {unknown}
 A - a potion of invisibility {unknown}
Books
 b - a book of Conjurations

   Spells                             Type                      Level
   a - Magic Dart                     Conjuration                  1
   b - Searing Ray                    Conjuration                  2
   c - Dazzling Spray                 Conjuration/Hexes            3
   d - Fulminant Prism                Conjuration/Hexes            4
   e - Iskenderun's Mystic Blast      Conjuration                  4
   f - Iskenderun's Battlesphere      Conjuration/Charms           5
Comestibles
 c - 2 bread rations
 t - a beef jerky
 v - 2 fruits
 w - a meat ration
 x - 2 chunks of flesh
 z - a slice of pizza


   Skills:
 - Level 2.4 Dodging
 - Level 2.4 Stealth
 - Level 3.0 Spellcasting
 - Level 6.9 Conjurations
 * Level 3.1 Charms


You had 4 spell levels left.
You knew the following spells:

 Your Spells              Type           Power        Failure   Level  Hunger
a - Magic Dart            Conj           ####         1%          1    None
b - Iskenderun's Battles  Conj/Chrm      ###.....     58%         5    ######.


Dungeon Overview and Level Annotations

Branches:
Dungeon (4/15)
 Temple: D:4-7

Altars:
Dithmenos
Elyvilon
Fedhas
The Shining One

Annotations:
D:4 Blork the orc


Message History

You can't see any susceptible monsters within range! (Use Z to cast anyway.)
A magic dart appears from out of thin air!
The magic dart hits you!
* * * LOW HITPOINT WARNING * * *
Casting: Magic Dart
Confirm with . or Enter, or press ? or * to list all spells.
You can't see any susceptible monsters within range! (Use Z to cast anyway.)
Casting: Magic Dart
Confirm with . or Enter, or press ? or * to list all spells.
You don't know that spell.
Casting: Magic Dart
Confirm with . or Enter, or press ? or * to list all spells.
Aiming: Magic Dart
Press: ? - help, Shift-Dir - straight line
Casting: Magic Dart
Confirm with . or Enter, or press ? or * to list all spells.
Aiming: Magic Dart
Press: ? - help, Shift-Dir - straight line The magic dart hits something.
Something barely misses you. Something hits you!
You die...

.#.####.# #.#
........####.#
.............#
#######.######
#.# ########.#
.........#
########.# #@#
#.# #.#
#######.#
#.......#
#.####### #.#
#.# #.#


There were no monsters in sight!

Vanquished Creatures
  A hound (D:4)
  An orc priest (D:3)
  A worker ant (D:4)
  A gnoll (D:1)
  3 adders
  An ooze (D:3)
  2 worms (D:2)
  2 orcs (D:3)
  7 bats
  3 giant cockroaches
  8 hobgoblins
  2 jackals (D:3)
  A quokka (D:3)
  2 giant geckos
  A giant gecko skeleton (D:4)
  5 giant newts
  5 goblins
  7 kobolds
  10 rats
63 creatures vanquished.

Notes
Turn   | Place    | Note
--------------------------------------------------------------
     0 | D:1      | radek the Deep Elf Conjurer began the quest for the Orb.
     0 | D:1      | Reached XP level 1. HP: 10/10 MP: 6/6
    61 | D:1      | Reached skill level 5 in Conjurations
    61 | D:1      | Reached XP level 2. HP: 15/15 MP: 0/8
   942 | D:2      | Reached XP level 3. HP: 19/19 MP: 6/9
  1494 | D:2      | Reached skill level 6 in Conjurations
  1915 | D:3      | Reached XP level 4. HP: 24/24 MP: 6/10
  2341 | D:3      | Found a white marble altar of Elyvilon.
  2355 | D:3      | Found a shadowy altar of Dithmenos.
  2534 | D:3      | Found a blossoming altar of Fedhas.
  2548 | D:3      | Found a glowing golden altar of the Shining One.
  2693 | D:3      | Reached XP level 5. HP: 21/28 MP: 3/11
  2775 | D:3      | Learned a level 5 spell: Iskenderun's Battlesphere
  3047 | D:4      | Noticed Blork the orc
  3070 | D:4      | HP: 1/28 [something/magic dart (4)]
  3072 | D:4      | Mangled by Blork the orc

Vault maps used:
D:1:      dpeg_arrival_ratfight
D:2:      first_bread
D:3:      nicolae_overflow_quartered_altars
D:4:      minmay_temple_entry_poolview, uniq_blork_the_orc, uniq_menkaure

Action                   |  1- 3 |  4- 6 || total
-------------------------+-------+-------++-------
 Cast: Magic Dart        |    72 |    60 ||   132
  Eat: Fruit             |     2 |       ||     2
       Chunk             |     1 |     2 ||     3
       Royal jelly       |       |     1 ||     1
